 Dungeon Crawl Stone Soup version 0.22.0 (webtiles) character file.

2648 rednecknazgul the Carver (level 9, -1/47 HPs)
             Began as a Vine Stalker Gladiator on Aug 11, 2018.
             Slain by an orc warrior
             ... wielding a +0 halberd
              (5 damage)
             ... on level 7 of the Dungeon.
             The game lasted 00:07:29 (4337 turns).

rednecknazgul the Carver (Vine Stalker Gladiator)   Turns: 4337, Time: 00:07:29

Health: -1/47      AC: 15    Str: 23    XL:     9   Next: 62%
Magic:  0/10       EV: 13    Int:  8    God:
Gold:   354        SH:  0    Dex: 17    Spells: 8/8 levels left

rFire    + . .     SeeInvis .   a - +0 long sword
rCold    . . .     Gourm    .   (no shield)
rNeg     + . .     Faith    .   x - +0 scale mail
rPois    .         Spirit   +   l - +2 hat
rElec    .         Reflect  .   (no cloak)
rCorr    .         Harm     .   c - +5 pair of gloves "Ronaun" {rN+ Str+2 Dex+2}
MR       ++...                  (no boots)
Stlth    ..........             v - amulet of Devotion {Spirit rF+}
HPRegen  0.55/turn              w - ring of protection from magic
MPRegen  0.12/turn              (no ring)

@: lethally poisoned (-1 -> -1)
A: fangs 3, regeneration 1, magic shield, antimagic bite, no potion heal 3, rot
immunity
a: no special abilities


You were on level 7 of the Dungeon.
You were not hungry.

You visited 1 branch of the dungeon, and saw 7 of its levels.

You collected 354 gold pieces.

Inventory:

Hand Weapons
 a - a +0 long sword (weapon)
Armour
 c - the +5 pair of gloves "Ronaun" (worn) {rN+ Str+2 Dex+2}
   (You found it on level 4 of the Dungeon)

   It affects your strength (+2).
   It affects your dexterity (+2).
   It protects you from negative energy.
 l - a +2 hat (worn)
 x - a +0 scale mail (worn)
Jewellery
 v - the amulet of Devotion (around neck) {Spirit rF+}
   (You found it on level 5 of the Dungeon)

   [amulet of guardian spirit]

   It causes incoming damage to be split between your health and magic.
   It protects you from fire.
 w - a ring of protection from magic (left hand)
Wands
 p - a wand of flame (12)
Scrolls
 b - 2 scrolls of immolation {unknown}
 e - a scroll of magic mapping {unknown}
 g - 2 scrolls of remove curse {unknown}
 h - 3 scrolls of teleportation
 q - a scroll of enchant weapon {unknown}
 s - a scroll of fear {unknown}
 t - 2 scrolls of identify
Potions
 i - a potion of invisibility
 j - 5 potions of curing
 k - 4 potions of haste
 m - a potion of heal wounds {unknown}
 n - 3 potions of degeneration {unknown}
 o - a potion of cancellation {unknown}
 r - a potion of resistance {unknown}
 u - a potion of ambrosia {unknown}
Comestibles
 f - 15 rations
 z - a chunk of flesh


   Skills:
 + Level 5.4 Fighting
 * Level 8.0 Long Blades
 - Level 1.7 Throwing
 + Level 4.5 Armour
 + Level 5.3 Dodging


You had 8 spell levels left.
You didn't know any spells.
Your spell library contained the following spells:

 Spells                   Type           Power        Failure   Level  Hunger
 Confuse                  Hex            #.......     97%         3    ####...
 Confusing Touch          Hex            #.....       71%         1    ##.....
 Metabolic Englaciation   Hex/Ice        #.........   100%        5    ######.
 Petrify                  Tmut/Erth      #.......     100%        4    #####..
 Gell's Gravitas          Tloc           #.........   97%         3    ####...
 Yara's Violent Unravell  Hex/Tmut       #.........   100%        5    ######.


Dungeon Overview and Level Annotations

Branches:
Dungeon (7/15)             Temple (0/1) D:7

Altars:
Wu Jian

Shops:
D:4 **


Innate Abilities, Weirdness & Mutations

You have razor-sharp teeth.
Your natural rate of healing is unusually fast.
When hurt, damage is shared between your health and your magic reserves.
Your bite disrupts and absorbs the magic of your enemies.
Potions cannot restore your health.
You are immune to rotting.


Message History

There is a staircase to the Ecumenical Temple here.
Throwing (i - inventory)
d - a throwing net (quivered)
Press: ? - help, Shift-Dir - straight line, f - orc warrior
Aim: an orc warrior, wielding a halberd and wearing a chain mail You throw a throwing net.
The throwing net closely misses the orc warrior.
The orc warrior hits you from afar with a halberd!
The orc warrior closely misses you.
You slash the orc warrior!
You bite the orc warrior, but do no damage.
The orc warrior is heavily wounded.
You feel sick.
You closely miss the orc warrior. Your bite misses the orc warrior.
The orc warrior is heavily wounded.
The orc warrior hits you with a halberd!!
* * * LOW HITPOINT WARNING * * *
You hit the orc warrior.
The orc warrior is severely wounded.
The orc warrior hits you with a halberd!
You die...

.. ..#####)##.# .#
#. #.##(...##.# #
##.##.##.##.......
#.#......)††####.###
#.............# #
#..⌠...)..#..>.# #.
#.#.........#....#
#.
#......>.........#
###.
###....@....###.##
#... #..⌠.o.⌠..# .#
#... #.............#
##.##
#.#.........#..
..... .
##.##.##.##### ##.#.
#. ..# .. #.## ..
.(. #.# #... ## ##.
.. #... ####


You could see an orc warrior.

Vanquished Creatures
  A hippogriff (D:7)
  Sigmund (D:4)
  Duvessa (D:4)
  3 ice beasts
  2 sky beasts
  2 ogres
  3 bullfrogs
  A big kobold (D:7)
  A gnoll sergeant (D:6)
  Dowan (D:4)
  2 scorpions
  3 killer bees (D:7)
  2 howler monkeys
  4 crimson imps
  2 hounds
  A centaur zombie (D:6)
  2 orc priests
  4 orc wizards
  A bullfrog skeleton (D:5)
  2 iguanas (D:4)
  4 worker ants (D:4)
  2 hound skeletons
  11 gnolls
  5 adders
  A shadow imp (D:7)
  An adder zombie (D:7)
  2 adder skeletons (D:6)
  5 worms
  2 dart slugs
  5 leopard geckos
  15 orcs
  3 bats
  5 giant cockroaches
  13 goblins
  9 hobgoblins
  3 quokkas
  2 ball pythons
  4 frilled lizards
  A jackal skeleton (D:5)
  13 kobolds
  A quokka zombie (D:5)
  7 rats
153 creatures vanquished.

Notes
Turn   | Place    | Note
-------+----------+-------------------------------------------
     0 | D:1      | rednecknazgul the Vine Stalker Gladiator began the quest for the Orb.
     0 | D:1      | Reached XP level 1. HP: 11/11 MP: 2/2
   139 | D:1      | Reached XP level 2. HP: 14/15 MP: 3/3
   156 | D:1      | Reached skill level 3 in Long Blades
   680 | D:2      | Reached XP level 3. HP: 11/18 MP: 4/4
  1130 | D:3      | Reached skill level 1 in Armour
  1141 | D:3      | Gained mutation: Your natural rate of healing is unusually fast. [Vine Stalker growth]
  1141 | D:3      | Reached XP level 4. HP: 11/23 MP: 5/5
  1749 | D:3      | Reached XP level 5. HP: 27/27 MP: 6/6
  2023 | D:4      | Found Syqevoj's General Store.
  2096 | D:4      | Reached skill level 4 in Long Blades
  2191 | D:4      | Got a pair of blackened gloves
  2192 | D:4      | Identified the +5 pair of gloves "Ronaun" {rN+ Str+2 Dex+2} (You found it on level 4 of the Dungeon)
  2198 | D:4      | Reached XP level 6. HP: 21/32 MP: 4/7
  2316 | D:4      | Noticed Sigmund
  2331 | D:4      | Killed Sigmund
  2331 | D:4      | Reached skill level 5 in Long Blades
  2331 | D:4      | Reached XP level 7. HP: 36/36 MP: 8/8
  2340 | D:4      | Noticed Dowan
  2359 | D:4      | Noticed Duvessa
  2376 | D:4      | Killed Duvessa
  2378 | D:4      | Killed Dowan
  2484 | D:4      | Found Wnoam's Whimsical Warehouse.
  2739 | D:5      | Entered Level 5 of the Dungeon
  2758 | D:5      | Gained mutation: You have razor-sharp teeth. [Vine Stalker growth]
  2758 | D:5      | Reached XP level 8. HP: 27/42 MP: 9/9
  2779 | D:5      | Found an ornate altar of the Wu Jian Council.
  2793 | D:5      | Reached skill level 6 in Long Blades
  3014 | D:5      | Got a brightly glowing ruby amulet
  3018 | D:5      | Identified the amulet of Devotion {Spirit rF+} (You found it on level 5 of the Dungeon)
  3790 | D:6      | Reached skill level 7 in Long Blades
  3790 | D:6      | Reached XP level 9. HP: 34/46 MP: 7/10
  4043 | D:7      | Reached skill level 5 in Fighting
  4072 | D:7      | Reached skill level 5 in Dodging
  4276 | D:7      | Found a staircase to the Ecumenical Temple.
  4327 | D:7      | Reached skill level 8 in Long Blades
  4337 | D:7      | Slain by an orc warrior

Skill      XL: |  1  2  3  4  5  6  7  8  9 |
---------------+----------------------------+-----
Fighting       | 2 3 4 5 |  5.4
Long Blades    | 3 4 5 7 8 |  8.0
Armour         | 1 2 3 4 |  4.5
Dodging        | 3 4 5 |  5.3
Throwing       | |  1.7

Action                   |  1- 3 |  4- 6 |  7- 9 || total
-------------------------+-------+-------+-------++-------
Melee: Long sword        |    95 |   124 |   247 ||   466
       Bite              |    30 |    51 |   123 ||   204
Throw: Throwing net      |       |     2 |     1 ||     3
  Use: Scroll            |     3 |     1 |     4 ||     8
 Stab: Held in net/web   |       |     1 |       ||     1
  Eat: Chunk             |     1 |     4 |     7 ||    12
Armor: Leather armour    |     5 |       |       ||     5
       Ring mail         |    21 |    33 |    67 ||   121
       Scale mail        |       |       |    64 ||    64
Dodge: Dodged            |    59 |    72 |   190 ||   321
       Rpst.: Long sword |    19 |    23 |    66 ||   108
